 Dungeon Crawl Stone Soup version 0.27-a0-1280-g9d2d252d84 (webtiles) character file.

Game seed: 10132094232084139068

123 Delamore the Skirmisher (level 5, -3/43 HPs)
             Began as a Formicid Fighter on June 13, 2021.
             Slain by Edmund (11 damage)
             ... on level 4 of the Dungeon.
             The game lasted 00:02:08 (2095 turns).

Delamore the Skirmisher (Formicid Fighter)          Turns: 2095, Time: 00:02:09

Health: -3/43      AC:  6    Str: 21    XL:     5   Next: 29%
Magic:  5/5        EV:  8    Int:  8    God:
Gold:   103        SH: 15    Dex: 10    Spells: 4/4 levels left

rFire    . . .     SeeInvis +   a - +0 trident
rCold    . . .     Faith    .   c - +1 kite shield
rNeg     . . .     Spirit   .   b - +0 scale mail
rPois    .         Reflect  +   (helmet unavailable)
rElec    .         Harm     .   (no cloak)
rCorr    .         Rampage  .   (no gloves)
Will     .....                  (no boots)
Stlth    ..........             f - amulet of reflection
HPRegen  0.14/turn              (no ring)
MPRegen  0.09/turn              (no ring)

@: mighty
A: permanent stasis, dig shafts and tunnels, antennae 3, four strong arms
a: Dig, Shaft Self


You were on level 4 of the Dungeon.
You visited 1 branch of the dungeon, and saw 3 of its levels.

You collected 103 gold pieces.

Inventory:

Hand Weapons
 a - a +0 trident (weapon)
Armour
 b - a +0 scale mail (worn)
 c - a +1 kite shield (worn)
Jewellery
 f - an amulet of reflection (around neck)
Scrolls
 e - 2 scrolls of teleportation
 i - a scroll of summoning {unknown}
 j - a scroll of identify {unknown}
Potions
 g - a potion of lignification {unknown}


   Skills:
 + Level 4.4 Fighting
 * Level 4.3 Polearms
 - Level 3.2 Armour
 - Level 3.6 Shields


You had 4 spell levels left.
You didn't know any spells.
Your spell library contained the following spells:

 Spells                   Type           Power      Damage    Failure   Level
 Beastly Appendage        Tmut           0%         N/A       98%         1
 Wereblood                Tmut           0%         N/A       99%         2
 Spider Form              Tmut/Pois      0%         N/A       100%        3
 Ice Form                 Ice/Tmut       0%         N/A       100%        4


Dungeon Overview and Level Annotations

Branches:
Dungeon (2/15)

Altars:

Shops:
D:1 (   D:2 [

Annotations:
D:4 Edmund


Innate Abilities, Weirdness & Mutations

You cannot be hasted, slowed, berserked, paralysed or teleported.
You can dig through walls and to a lower floor.
You have a pair of large antennae on your head. (SInv)
Your four strong arms can wield two-handed weapons with a shield.


Message History

The poisoned dart closely misses Edmund.
Edmund closely misses you.
Edmund looks more healthy.
Edmund is nearby!
You throw a poisoned dart.
The poisoned dart closely misses Edmund.
You block Edmund's attack.
Edmund says, "People will remember me!
They'll remember me and die!"
You throw a poisoned dart. The poisoned dart hits Edmund.
Edmund is lightly wounded.
Edmund closely misses you.
Edmund hits you with a +4 flail of protection!
Nothing quivered!
Edmund says, "What use are spells, anyway?"
Edmund says, "People think my brother is the best.
I think he's crazy."
Edmund barely misses you.
Evoke which item? (* to show all) (? for menu, Esc to quit)
Evoke which item? (* to show all) (? for menu, Esc to quit)
Okay, then.
Edmund says, "I'm quite good with sums, too."
Edmund says, "People will remember me!
They'll remember me and die!"
You hit Edmund but do no damage.
Edmund is lightly wounded.
Edmund hits you with a +4 flail of protection.
You block Edmund's attack.
You barely miss Edmund.
Edmund is lightly wounded.
Edmund hits you with a +4 flail of protection!
You feel very mighty all of a sudden. You block Edmund's attack.
You completely miss Edmund.
Edmund hits you with a +4 flail of protection!
* * * LOW HITPOINT WARNING * * *
You puncture Edmund!
Edmund is moderately wounded.
You block Edmund's attack.
You barely miss Edmund.
Edmund is moderately wounded.
Edmund hits you with a +4 flail of protection!
You die...

###..# ##............ #..... #
#..#####.............. ##.....
###....##.............# #......
##.........##.........# #......
...........##........# #......
..........####......# ##......
........<...###....## #.......
..................## ##.......
............###.@@.######........
............#######....#.........
.............# #####....#.....
.............# ####..#...)
............## ###..###
............### ##...#
............#.# #....
..........##†## #..##
.......####### ##..#.


You could see Edmund.

Vanquished Creatures
  2 hounds (D:4)
  An adder (D:2)
  An adder skeleton (D:4)
  A dart slug (D:2)
  3 endoplasms (D:1)
  11 goblins
  5 hobgoblins
  3 quokkas
  4 ball pythons
  4 bats
  2 frilled lizards
  4 kobolds
  4 rats
45 creatures vanquished.

Notes
Turn   | Place    | Note
-------+----------+-------------------------------------------
     0 | D:1      | Delamore the Formicid Fighter began the quest for the Orb.
     0 | D:1      | Reached XP level 1. HP: 18/18 MP: 1/1
   195 | D:1      | Found Fopeiv's Weapon Boutique.
   265 | D:1      | Reached XP level 2. HP: 24/24 MP: 2/2
   446 | D:1      | Found a faded altar of an unknown god.
   736 | D:1      | Reached XP level 3. HP: 29/30 MP: 3/3
  1313 | D:2      | Found Kaagop's Armour Shoppe.
  1625 | D:2      | You fall into a shaft and drop 2 floors!
  1634 | D:4      | Reached XP level 4. HP: 37/37 MP: 4/4
  1846 | D:4      | Reached XP level 5. HP: 38/43 MP: 5/5
  2040 | D:4      | Noticed Edmund
  2095 | D:4      | Slain by Edmund

Illustrated notes

Levels and vault maps discovered:
D:1:      lightli_arrival_maybe_door_vault, layout_loops_ring, serial_shops,
          nicolae_shop_trees, hellmonk_ecumenical_altar_lost_god, minivault_27,
          hangedman_decor_points, minmay_misc_feat_room
D:2:      layout_basic, serial_shops, shop, uniq_crazy_yiuf_cottage
D:4:      layout_cave_pods, feat_on_display, uniq_edmund, uniq_duvessa

Skill      XL: |  1  2  3  4 |
---------------+-------------+-----
Polearms       | 3 4 |  4.3
Fighting       | 4 |  4.4
Armour         | |  3.2
Shields        | |  3.6

Action                   |  1- 3 |  4- 6 || total
-------------------------+-------+-------++-------
Melee: Trident           |    90 |    46 ||   136
Throw: Dart              |       |     5 ||     5
 Abil: Dig               |     1 |       ||     1
  Use: Scroll            |     5 |       ||     5
       Potion            |       |     1 ||     1
Armor: Scale mail        |    31 |    17 ||    48
Dodge: Dodged            |    21 |    13 ||    34
Block: Kite shield       |    33 |    36 ||    69
       Reflection        |       |     2 ||     2

Table legend: (Time is in decaauts)
 A = Elapsed time spent in this place.
 B = Non-inter-level travel time spent in this place.
 C = Inter-level travel time spent in this place.
 D = Time resting spent in this place.
 E = Time spent auto-exploring this place.
 F = Levels seen in this place.
 G = Mean time per level.
                   A        B        C        D        E       F      G
               +--------+--------+--------+--------+--------+-----+--------+
         Total |   2138 |   2100 |     38 |     30 |   1705 |   3 |  712.7 |
       Dungeon |   2138 |   2100 |     38 |     30 |   1705 |   3 |  712.7 |
               +--------+--------+--------+--------+--------+-----+--------+

Top non-repeatable levels by time:
     D:1: 971 daAuts
     D:2: 683 daAuts
     D:4: 483 daAuts
